 Dungeon Crawl Stone Soup version 0.25-a0-429-g4e4398398a (webtiles) character file.

Game seed: 5036621997817072113, levelgen mode: deterministic

1629 LairdRich the Cleaver (level 8, -1/73 HPs)
             Began as a Minotaur Berserker on Jan 25, 2020.
             Was a Priest of Trog.
             Slain by a manticore (7 damage)
             ... on level 7 of the Dungeon.
             The game lasted 00:10:48 (5441 turns).

LairdRich the Cleaver (Minotaur Berserker)          Turns: 5441, Time: 00:10:48

Health: -1/73      AC:  9    Str: 23    XL:     8   Next: 65%
Magic:  7/7        EV: 11    Int:  4    God:    Trog [***...]
Gold:   228        SH:  0    Dex: 11    Spells: 7/7 levels left

rFire    . . .     SeeInvis .   r - +3 hand axe (vamp)
rCold    . . .     Gourm    .   (no shield)
rNeg     . . .     Faith    +   j - +0 scale mail
rPois    .         Spirit   .   (helmet restricted)
rElec    .         Reflect  .   (no cloak)
rCorr    .         Harm     .   (no gloves)
MR       +++..                  v - +0 pair of boots
Stlth    +.........             e - amulet of faith
HPRegen  1.22/turn              b - ring of stealth
MPRegen  0.10/turn              u - ring of protection from magic

@: regenerating
A: retaliatory headbutt, horns 2
a: Berserk, Trog's Hand, Renounce Religion


You were on level 7 of the Dungeon.
You worshipped Trog.
Trog was most pleased with you.
You were not hungry.

You visited 1 branch of the dungeon, and saw 7 of its levels.

You collected 228 gold pieces.

Inventory:

Hand Weapons
 a - a +0 hand axe
 q - a +0 war axe
 r - a +3 vampiric hand axe (weapon)
Armour
 j - a +0 scale mail (worn)
 v - a +0 pair of boots (worn)
Jewellery
 b - a ring of stealth (left hand)
 e - an amulet of faith (around neck)
 u - a ring of protection from magic (right hand)
 w - an uncursed ring of protection from magic
Wands
 k - a wand of disintegration (13)
 s - a wand of iceblast (10)
 x - a wand of random effects (35)
Scrolls
 g - a scroll of magic mapping {unknown}
 h - 3 scrolls of teleportation
 l - 4 scrolls of identify
 m - 3 scrolls of enchant weapon
Potions
 d - a potion of degeneration {unknown}
 f - a potion of curing {unknown}
 i - 3 potions of flight
 n - 2 potions of haste {unknown}
 o - a potion of magic {unknown}
 p - 4 potions of heal wounds {unknown}
 t - a potion of mutation {unknown}
Comestibles
 c - 8 rations


   Skills:
 + Level 7.5 Fighting
 * Level 10.0 Axes
 + Level 6.9 Armour
 - Level 2.1 Dodging


You had 7 spell levels left.
You didn't know any spells.
Your spell library was empty.

Dungeon Overview and Level Annotations

Branches:
Dungeon (7/15)             Temple (0/1) D:6

Altars:
Cheibriados
Hepliaklqana
Makhleb
Qazlal
Ru
Sif Muna
Xom
The Shining One

Annotations:
D:3 1 runed translucent door, exclusion: door, Tenar's ghost, amateur BaFi


Innate Abilities, Weirdness & Mutations

You reflexively headbutt those who attack you in melee.
You have a pair of horns on your head.


Message History

The manticore is heavily wounded.
You barely miss the manticore.
The manticore is heavily wounded.
The manticore bites you!
* * * LOW HITPOINT WARNING * * *
The manticore claws you but does no damage.
The manticore claws you.
* * * LOW HITPOINT WARNING * * *
You barely miss the manticore. You headbutt the manticore.
The manticore is heavily wounded.
The manticore bites you.
* * * LOW HITPOINT WARNING * * *
The manticore barely misses you. The manticore claws you!
* * * LOW HITPOINT WARNING * * *
You barely miss the manticore.
The manticore is heavily wounded.
You carefully extract the barbed spikes from your body.
The manticore barely misses you. You furiously retaliate!
You headbutt the manticore! The manticore claws you!
You die...

.# #.# .#
#.# .# #.#
.# #.# .#
#?# ##
##.##
###...#
#...#.#
#..#..@#
#.....H..#
#.....(..#
#........#
......♣...#
.#........#
..../.♣...#
#.........#


You could see a manticore.

Vanquished Creatures
  Duvessa (D:5)
  A sky beast (D:6)
  A black bear (D:6)
  4 ice beasts
  A phantom (D:7)
  2 ogres (D:5)
  A bullfrog (D:6)
  Dowan (D:5)
  A crimson imp (D:5)
  A centaur zombie (D:5)
  2 orc priests (D:4)
  A centaur skeleton (D:4)
  6 hounds
  A jelly (D:6)
  A bullfrog skeleton (D:4)
  An iguana (D:5)
  2 worker ants
  A worker ant zombie (D:5)
  3 adders
  A shadow imp (D:6)
  An ooze (D:3)
  2 worms (D:2)
  3 dart slugs
  3 leopard geckos
  9 orcs
  2 ball pythons
  6 bats
  8 giant cockroaches
  5 hobgoblins
  9 jackals
  7 kobolds
  A quokka (D:3)
  4 frilled lizards
  4 goblins
  7 rats
104 creatures vanquished.

Vanquished Creatures (others)
  An orc priest (D:6)
  An iguana (D:6)
  An orc wizard (D:6)
  3 orcs (D:6)
  A giant cockroach (D:6)
7 creatures vanquished.

Grand Total: 111 creatures vanquished

Notes
Turn   | Place    | Note
-------+----------+-------------------------------------------
     0 | D:1      | LairdRich the Minotaur Berserker began the quest for the
                  | Orb.
     0 | D:1      | Reached XP level 1. HP: 19/19 MP: 0/0
   130 | D:1      | Reached skill level 4 in Axes
   130 | D:1      | Reached XP level 2. HP: 26/27 MP: 1/1
  1005 | D:2      | Reached XP level 3. HP: 33/33 MP: 2/2
  1017 | D:2      | Reached ** piety under Trog
  1565 | D:3      | Reached skill level 5 in Axes
  1565 | D:3      | Reached XP level 4. HP: 26/40 MP: 3/3
  2121 | D:3      | Found a runed translucent door.
  2122 | D:3      | Noticed a bullfrog
  2129 | D:3      | Noticed Tenar's ghost (amateur BaFi)
  2160 | D:3      | Found a glowing golden altar of the Shining One.
  2425 | D:4      | Reached *** piety under Trog
  2425 | D:4      | Reached XP level 5. HP: 29/47 MP: 4/4
  2820 | D:4      | Reached skill level 5 in Fighting
  2820 | D:4      | Reached skill level 6 in Axes
  3199 | D:4      | Reached XP level 6. HP: 42/56 MP: 5/5
  3450 | D:5      | Entered Level 5 of the Dungeon
  3494 | D:5      | Noticed an ice beast
  3506 | D:4      | Killed an ice beast
  3506 | D:4      | Reached skill level 7 in Axes
  3671 | D:5      | Reached skill level 5 in Armour
  3671 | D:5      | Reached XP level 7. HP: 55/62 MP: 6/6
  3806 | D:5      | Noticed Dowan
  3806 | D:5      | Noticed Duvessa
  3819 | D:5      | Killed Dowan
  3819 | D:5      | Reached skill level 8 in Axes
  3822 | D:5      | Killed Duvessa
  3999 | D:5      | Reached XP level 8. HP: 32/71 MP: 7/7
  4200 | D:5      | Found a sacrificial altar of Ru.
  4278 | D:6      | Found a stormy altar of Qazlal.
  4280 | D:6      | Found a shimmering blue altar of Sif Muna.
  4284 | D:6      | Found a snail-covered altar of Cheibriados.
  4284 | D:6      | Found a burning altar of Makhleb.
  4380 | D:6      | Reached skill level 9 in Axes
  4593 | D:6      | Found a shimmering altar of Xom.
  4660 | D:6      | Reached **** piety under Trog
  4865 | D:6      | Found a hazy altar of Hepliaklqana.
  4866 | D:6      | Found a staircase to the Ecumenical Temple.
  5396 | D:7      | Reached skill level 10 in Axes
  5428 | D:7      | Noticed a manticore
  5441 | D:7      | Slain by a manticore

Levels and vault maps discovered:
D:1:      tarquinn_simple_flora_water_f, layout_basic, minmay_bisected
D:2:      layout_loops_ring, first_ration, minmay_octomino_c4
D:3:      minmay_skewed_foursquare, layout_rooms, lemuel_round_altar,
          ebering_ghost_sewer_d
D:4:      layout_basic
D:5:      layout_rooms, kennysheep_mini_moat, uniq_duvessa
D:6:      layout_loops_corners, xom_confusion_cloud, lemuel_crystal_altar,
          grunt_temple_overflow_open, minmay_temple_entry_crystal_x
D:7:      layout_loops_ring, serial_shops, nicolae_shop_trees, grunt_ogre_cave,
          glass_columns_c, hangedman_decor_push, chequers_garden

Skill      XL: |  1  2  3  4  5  6  7  8 |
---------------+-------------------------+-----
Axes           | 4 5 6 7 8 10 | 10.0
Fighting       | 4 5 6 7 |  7.5
Armour         | 3 4 5 6 |  6.9
Dodging        | |  2.1

Action                   |  1- 3 |  4- 6 |  7- 9 || total
-------------------------+-------+-------+-------++-------
Melee: Hand axe          |    79 |    89 |    96 ||   264
       Headbutt          |    13 |    19 |    23 ||    55
       War axe           |       |    13 |       ||    13
Invok: Trog's Hand       |       |       |     2 ||     2
       Berserk           |       |       |     1 ||     1
  Use: Scroll            |       |     8 |       ||     8
  Eat: Chunk             |     2 |     7 |     4 ||    13
       Ration            |       |       |     1 ||     1
Armor: Animal skin       |     6 |       |       ||     6
       Scale mail        |    21 |    41 |    40 ||   102
Dodge: Dodged            |    54 |    59 |    37 ||   150

Table legend:
 A = Non-vault XP
 B = Vault XP
 C = Vault XP percentage of total XP
 D = Non-vault monster count
 E = Vault monster count
 F = Vault count percentage of total count
                 A         B        C        D         E       F
            +---------+---------+-------+---------+---------+-------
      Total |    1961 |     367 |  15.8 |      91 |      13 |  12.5
            +---------+---------+-------+---------+---------+-------
        D:1 |      22 |       6 |  21.4 |      13 |       4 |  23.5
        D:2 |      44 |      14 |  24.1 |      17 |       6 |  26.1
        D:3 |     105 |       0 |   0.0 |      23 |       0 |   0.0
        D:4 |     428 |       0 |   0.0 |      13 |       0 |   0.0
        D:5 |     649 |     214 |  24.8 |      13 |       2 |  13.3
        D:6 |     463 |     133 |  22.3 |      10 |       1 |   9.1
        D:7 |     250 |       0 |   0.0 |       2 |       0 |   0.0
            +---------+---------+-------+---------+---------+-------
